 Dungeon Crawl Stone Soup version 0.27-a0-170-g607d9e9d85 (webtiles) character file.

Game seed: 10838390267512334380

142515 vurker the Brawler (level 17, -1/93 HPs)
             Began as a Vine Stalker Enchanter on Jan 28, 2021.
             Was the Champion of Makhleb.
             Killed from afar by a will-o-the-wisp (8 damage)
             ... with a foxfire
             ... on level 3 of the Swamp.
             The game lasted 00:49:04 (27729 turns).

vurker the Brawler (Vine Stalker Enchanter)        Turns: 27729, Time: 00:49:05

Health: -1/93      AC: 24    Str: 20    XL:     17   Next: 35%
Magic:  0/27       EV: 13    Int: 15    God:    Makhleb [******]
Gold:   2775       SH: 22    Dex: 15    Spells: 20/20 levels left

rFire    + . .     SeeInvis +     - Unarmed
rCold    + + .     Faith    .   K - +0 tower shield
rNeg     . . .     Spirit   +   n - +6 scale mail of the Equator {Regen+}
rPois    +         Reflect  +   s - +2 helmet
rElec    +         Harm     .   O - +1 cloak {rF+}
rCorr    .         Rampage  .   j - +1 pair of gloves of the Exiled Stories {rC+ Slay+2}
Will     ++...                  F - +0 pair of boots
Stlth    +.........             H - amulet of Juvy {Reflect rC+ SH+5}
HPRegen  1.45/turn              E - ring "Jopiopp" {rElec Slay+3 SInv}
MPRegen  0.20/turn              M - ring of poison resistance

@: very slow
A: fangs 3, sense surroundings 1, regeneration 2, screaming 1, strong 1, magic
shield, antimagic bite, no potion heal 3
a: Renounce Religion, Minor Destruction, Lesser Servant of Makhleb, Major
Destruction, Greater Servant of Makhleb


You were on level 3 of the Swamp.
You worshipped Makhleb.
Makhleb was exalted by your worship.
You visited 5 branches of the dungeon, and saw 27 of its levels.
You also visited: Bailey, Gauntlet and Volcano.

You collected 3357 gold pieces.
You spent 582 gold pieces at shops.

Inventory:

Missiles
 J - 7 throwing nets
Armour
 j - the +1 pair of gloves of the Exiled Stories (worn) {rC+ Slay+2}
   (You found it in a Gauntlet)

   It affects your accuracy and damage with ranged weapons and melee attacks
   (+2).
   It protects you from cold.
 n - the +6 scale mail of the Equator (worn) {Regen+}
   (You found it on level 8 of the Dungeon)

   It increases your rate of regeneration.
 s - a +2 helmet (worn)
   (You found it on level 3 of the Dungeon)
 F - a +0 pair of boots (worn)
   (You found it on level 5 of the Dungeon)
 K - a +0 tower shield (worn)
   (You found it on level 6 of the Dungeon)
 O - a +1 cloak of fire resistance (worn)
   (You found it in a volcano)
Jewellery
 a - a +4 ring of evasion
   (You found it on level 6 of the Dungeon)
 e - an uncursed ring of protection from cold
   (You found it on level 1 of the Dungeon)
 f - an uncursed ring of magical power
   (You found it on level 3 of the Dungeon)
 m - the ring of Yzoidoxo {rElec rC+ Int+2 Dex-5}
   (You found it on level 9 of the Dungeon)

   [ring of protection from cold]

   It affects your intelligence (+2).
   It affects your dexterity (-5).
   It protects you from cold.
   It insulates you from electricity.
 E - the ring "Jopiopp" (left hand) {rElec Slay+3 SInv}
   (You bought it in a shop on level 10 of the Dungeon)

   [ring of see invisible]

   It affects your accuracy and damage with ranged weapons and melee attacks
   (+3).
   It insulates you from electricity.
   It lets you see invisible.
 H - the amulet of Juvy (around neck) {Reflect rC+ SH+5}
   (You found it on level 5 of the Dungeon)

   [amulet of reflection]

   It shields you and reflects attacks.
   It protects you from cold.
   It affects your SH (+5).
 M - a ring of poison resistance (right hand)
   (You found it on level 3 of the Dungeon)
 Q - an uncursed ring of positive energy
   (You found it on level 6 of the Lair of Beasts)
 S - a +4 ring of evasion
   (You found it on level 2 of the Swamp)
Wands
 d - a wand of iceblast (24)
   (You found it on level 4 of the Dungeon)
 t - a wand of flame (27)
   (You found it on level 9 of the Dungeon)
 u - a wand of paralysis (19)
   (You found it on level 12 of the Dungeon)
 v - a wand of digging (16)
   (You found it on level 6 of the Dungeon)
 x - a wand of acid (12)
   (You found it on level 15 of the Dungeon)
 y - a wand of enslavement (6)
   (You found it on level 9 of the Dungeon)
 A - a wand of polymorph (4)
   (You found it on level 15 of the Dungeon)
 G - a wand of mindburst (33)
   (You found it on level 1 of the Lair of Beasts)
Scrolls
 c - 6 scrolls of magic mapping
 g - 6 scrolls of fear
 h - 3 scrolls of fog
 i - 15 scrolls of teleportation
 k - 3 scrolls of immolation
 r - 14 scrolls of remove curse
 N - 4 scrolls of blinking
 P - a scroll of enchant armour
 R - a scroll of silence
Potions
 b - 12 potions of curing
 l - 2 potions of cancellation
 o - 2 potions of magic
 p - 3 potions of haste
 q - 4 potions of ambrosia {unknown}
 z - 3 potions of might
 B - 6 potions of flight
 C - 2 potions of invisibility
 D - 2 potions of resistance
 L - 4 potions of lignification
Miscellaneous
 w - a phantom mirror
   (You found it in a Gauntlet)
 I - a tin of tremorstones (2/2)
   (You found it on level 8 of the Dungeon)


   Skills:
 + Level 11.7 Fighting
 - Level 0.8 Short Blades
 + Level 9.2 Armour
 + Level 9.3 Dodging
 - Level 3.6 Stealth
 + Level 10.1 Shields
 * Level 16.9 Unarmed Combat
 - Level 2.1 Spellcasting
 - Level 3.0 Hexes
 + Level 12.0 Invocations


You had 20 spell levels left.
You didn't know any spells.
Your spell library contained the following spells:

 Spells                   Type           Power        Failure   Level
 Corona                   Hex            11%          71%         1
 Ensorcelled Hibernation  Hex/Ice        12%          96%         2
 Confusing Touch          Hex            10%          97%         3
 Tukima's Dance           Hex            10%          97%         3
 Beastly Appendage        Tmut           2%           98%         1
 Foxfire                  Conj/Fire      4%           98%         1
 Freeze                   Ice            4%           98%         1
 Sublimation of Blood     Necr           0%           99%         2
 Wereblood                Tmut           1%           99%         2
 Dazzling Flash           Conj/Hex       12%          99%         3
 Inner Flame              Hex/Fire       6%           99%         3
 Conjure Flame            Conj/Fire      1%           100%        3
 Frozen Ramparts          Ice            2%           100%        3
 Gell's Gravitas          Tloc           0%           100%        3
 Ignite Poison            Fire/Tmut/Pois 1%           100%        3
 Ozocubu's Armour         Ice            1%           100%        3
 Spider Form              Tmut/Pois      0%           100%        3
 Hailstorm                Conj/Ice       1%           100%        4
 Ice Form                 Ice/Tmut       1%           100%        4
 Petrify                  Tmut/Erth      1%           100%        4
 Sticky Flame             Conj/Fire      1%           100%        4
 Summon Ice Beast         Ice/Summ       1%           100%        4
 Alistair's Intoxication  Tmut/Pois      0%           100%        5
 Blade Hands              Tmut           0%           100%        5
 Bolt of Magma            Conj/Fire/Erth 0%           100%        5
 Fireball                 Conj/Fire      0%           100%        5
 Irradiate                Conj/Tmut      0%           100%        5
 Iskenderun's Battlesphe  Conj           1%           100%        5
 Metabolic Englaciation   Hex/Ice        3%           100%        5
 Yara's Violent Unravell  Hex/Tmut       3%           100%        5
 Eringya's Noxious Bog    Tmut/Pois      0%           100%        6
 Iron Shot                Conj/Erth      0%           100%        6
 Orb of Destruction       Conj           0%           100%        7
 Spellforged Servitor     Conj/Summ      0%           100%        7


Dungeon Overview and Level Annotations

Branches:
Dungeon (15/15)            Temple (1/1) D:4            Lair (6/6) D:8
  Swamp (3/4) Lair:4       Spider (0/4) Lair:2        Slime (0/5) Lair:6
    Orc (2/2) D:12            Elf (0/3) Orc:2        Vaults (0/5) D:14
 Depths (0/5) D:15         Bailey (visited)         Volcano (visited)
Gauntlet (visited)

Altars:
Ashenzari
Dithmenos
Elyvilon
Fedhas
Gozag
Hepliaklqana
Kikubaaqudgha
Makhleb
Nemelex Xobeh
Okawaru
Qazlal
Ru
Sif Muna
Trog
Uskayaw
Vehumet
Wu Jian
Xom
Yredelemnul
Zin
The Shining One

Shops:
D:5 *   D:10 =   D:14 *   Orc:1 (   Orc:2 (=((

Annotations:
D:9 1 runed translucent door, wineyard's ghost, novice BaHu
D:11 2 transporters, exclusion: obsidian statue


Innate Abilities, Weirdness & Mutations

You have razor-sharp teeth.
You heal very quickly.
When hurt, damage is shared between your health and your magic reserves.
Your bite disrupts and absorbs the magic of your enemies.
Potions cannot restore your health.
You passively map a small area around you.
You occasionally shout uncontrollably at your foes.
Your muscles are strong. (Str +2)


Message History

2 foxfires come into view.
Your unstable footing causes you to fumble your attack.
You hear a shout!
You block the bunyip's attack. x2; The bunyip claws you!!
* * * LOW HITPOINT WARNING * * *
The foxfire hits you. You resist.
* * * LOW HITPOINT WARNING * * *
You punch the bunyip! You bite the bunyip. You drain its power.
You feel invigorated. The foxfire hits you! You resist.
* * * LOW HITPOINT WARNING * * *
The will-o-the-wisp gestures.
The will-o-the-wisp conjures some foxfire!
A goliath frog comes into view.
A ghost crab comes into view. 2 foxfires come into view.
You closely miss the bunyip.
The foxfire hits you but does no damage.
The foxfire hits you. You resist.
* * * LOW HITPOINT WARNING * * *
The bunyip claws you but does no damage.
The bunyip claws you!!
* * * LOW HITPOINT WARNING * * *
The bunyip barely misses you.
The will-o-the-wisp gestures.
The will-o-the-wisp conjures some foxfire!
The will-o-the-wisp gestures.
The will-o-the-wisp conjures some foxfire!
You shout at the foxfire! 4 foxfires come into view.
The foxfire hits you. You resist.
* * * LOW HITPOINT WARNING * * *
The foxfire hits you. You resist.
* * * LOW HITPOINT WARNING * * *
The foxfire hits you! You resist.
* * * LOW HITPOINT WARNING * * *
The foxfire moves out of view.
The will-o-the-wisp gestures.
The will-o-the-wisp conjures some foxfire!
You shout at the foxfire! 2 foxfires come into view.
You block the bunyip's attack. The bunyip barely misses you.
You block the bunyip's attack.
The ghost crab is engulfed in a cloud of scalding steam.
The ghost crab breathes spectral mist at you.
The spectral mist engulfs the bunyip but does no damage.
The foxfire moves out of view.
You enter the shallow water.
Moving in this stuff is going to be slow.
The foxfire is engulfed in spectral mist. x4
The foxfire hits you! You resist.
You die...

≈ ≈≈ , , ≈ ,
.(≈≈≈.≈.≈, ≈ ≈≈.
≈ * ≈ .≈.≈≈≈..≈
≈≈≈ ≈ ..≈..≈≈§♣≈
, , .≈ ≈.≈≈.§...≈
* ♣≈♣
,≈≈§..§≈F♣♣♣
*♣≈.♣
≈≈§≈≈§♣v.☼♣♣
*..♣**
≈§<≈≈.§†§Z☼♣♣♣♣.♣
♣.≈†§§♣xv@.<.♣
♣≈.≈≈§tv♣≈≈≈♣♣ ≈≈
♣♣≈≈≈§☼☼≈≈≈.♣ ≈
♣..≈≈♣≈..≈.♣
♣♣≈≈≈..♣♣..♣ ≈
♣....♣♣≈≈.♣
♣≈.♣♣♣♣♣..♣ ♣≈≈♣
♣≈≈♣ , ♣.♣* ♣♣)♣
*


You could see a bunyip, a ghost crab, a spectral bunyip (summoned), a goliath
frog and a will-o-the-wisp.

Vanquished Creatures
  Kirke (Lair:5)
  2 dire elephants
  3 bunyips
  A minotaur (Gauntlet)
  4 eleionomae
  Fannar (D:11)
  A death ooze (Gauntlet)
  4 vault guards (D:14)
  6 catoblepae
  8 hydras
  An ice dragon (D:9)
  2 boulder beetles
  2 death knights
  8 alligators
  7 two-headed ogres
  An ogre mage (D:15)
  3 centaur warriors
  6 death yaks (Lair:6)
  A tengu warrior (D:8)
  5 orc high priests
  A hell hog (Gauntlet)
  4 skeletal warriors (D:13)
  A salamander mystic (Volcano)
  A fire crab (Lair:4)
  3 goliath frogs
  2 unseen horrors
  A spriggan druid (Swamp:1)
  A hell knight (Volcano)
  A cherub (D:15)
  3 swamp dragons
  A bog body (Swamp:2)
  9 orc knights
  An obsidian statue (Volcano)
  7 ugly things
  3 deep elf magi
  An oklob plant (Lair:6)
  An orb spider (Lair:2)
  A will-o-the-wisp (Swamp:2)
  A necromancer (D:15)
  6 manticores
  3 cyclopes
  10 elephants
  3 salamanders (Volcano)
  4 black mambas
  3 centaur zombies
  3 naga magi (D:15)
  4 centaur skeletons
  Psyche (D:12)
  2 torpor snails
  2 gargoyles
  7 rime drakes
  A kobold demonologist (D:11)
  15 cane toads
  A freezing wraith (D:14)
  8 komodo dragons
  3 trolls
  5 hornets
  3 polar bears
  2 tyrant leeches
  A wolf spider simulacrum (D:15)
  A blink frog (Lair:4)
  15 dream sheep
  2 meliai zombies
  2 shadows
  15 spriggans
  A wraith (D:14)
  2 hogs (Lair:5)
  7 fire bats
  69 yaks
  Grum (D:10)
  16 wyverns
  6 basilisks
  6 vampire mosquitoes
  5 wargs
  6 swamp worms
  2 acid dragons (D:11)
  16 water moccasins
  4 hell hounds
  35 orc warriors
  3 ice beasts
  5 sky beasts
  3 black bears
  2 phantoms
  10 ogres
  2 necrophages
  7 wolves
  An eye of draining (D:6)
  14 centaurs
  2 big kobolds (D:11)
  3 gnoll sergeants
  33 bullfrogs
  2 wyvern zombies
  2 wyvern skeletons
  3 scorpions
  10 killer bees
  2 electric eels
  9 wights
  3 howler monkeys
  3 bullfrog zombies
  6 lava snakes (Volcano)
  8 bullfrog skeletons
  13 hounds
  3 jellies
  A gnoll shaman (D:10)
  32 orc priests
  21 orc wizards
  Jessica (D:3)
  3 iguanas
  12 hell rats
  9 worker ants
  A worker ant zombie (D:10)
  42 gnolls
  14 adders
  A river rat (Lair:5)
  A shadow imp (D:5)
  3 white imps
  3 ufetubi
  An ooze (D:3)
  2 worms
  A dart slug (D:3)
  9 leopard geckos
  56 orcs
  8 bats
  5 giant cockroaches
  6 goblins
  16 hobgoblins
  A ball python (D:2)
  2 frilled lizards (D:2)
  30 kobolds
  A leopard gecko skeleton (D:5)
  12 rats
851 creatures vanquished.

Vanquished Creatures (collateral kills)
  Jorgrun (Swamp:2)
  Frances (D:12)
  An orc warlord (Orc:1)
  5 hydras
  An alligator (Swamp:2)
  A dancing weapon (D:15)
  A cherub (D:15)
  An orc knight (Orc:1)
  An ugly thing (D:14)
  A manticore (Lair:4)
  2 elephants (Lair:4)
  A black mamba (Lair:1)
  2 cane toads
  A torpor snail (Lair:4)
  A rime drake (Lair:4)
  A polar bear (Lair:5)
  A tyrant leech (Swamp:2)
  5 dream sheep (Lair:5)
  A wraith (D:15)
  A warg (Orc:1)
  A water moccasin (Lair:4)
  A sky beast (shapeshifter) (D:15)
  2 orc warriors
  An ogre (D:15)
  A wolf (Lair:4)
  3 bullfrogs
  2 killer bees (D:10)
  An orc priest (Orc:2)
  An orc wizard (Orc:2)
  A hell rat (Lair:5)
  A gnoll (D:10)
  10 orcs
55 creatures vanquished.

Vanquished Creatures (others)
  A fenstrider witch (Swamp:1)
  A rime drake (Lair:5)
  2 bloated husks
  An orc wizard (Orc:1)
  A gnoll (D:10)
  15 foxfires
  13 fungi
  52 plants
86 creatures vanquished.

Grand Total: 992 creatures vanquished

Notes
Turn   | Place    | Note
-------+----------+-------------------------------------------
     0 | D:1      | vurker the Vine Stalker Enchanter began the quest for the
                  | Orb.
     0 | D:1      | Reached XP level 1. HP: 9/9 MP: 4/4
   227 | D:1      | Reached skill level 1 in Unarmed Combat
   227 | D:1      | Reached XP level 2. HP: 13/14 MP: 6/6
   664 | D:1      | Reached skill level 1 in Fighting
  1116 | D:2      | Reached skill level 2 in Unarmed Combat
  1116 | D:2      | Reached XP level 3. HP: 15/18 MP: 4/7
  2187 | D:2      | Gained mutation: Your natural rate of healing is unusually
                  | fast. [Vine Stalker growth]
  2187 | D:2      | Reached XP level 4. HP: 22/22 MP: 8/8
  2208 | D:2      | Found a stormy altar of Qazlal.
  2275 | D:2      | Found a hazy altar of Hepliaklqana.
  2284 | D:2      | Reached skill level 3 in Unarmed Combat
  2861 | D:2      | Reached XP level 5. HP: 19/26 MP: 5/9
  3042 | D:3      | Found a glowing golden altar of the Shining One.
  3063 | D:3      | Reached skill level 4 in Unarmed Combat
  3357 | D:3      | Found a sacrificial altar of Ru.
  3532 | D:3      | Noticed Jessica
  3545 | D:3      | Killed Jessica
  3598 | D:3      | Reached XP level 6. HP: 32/32 MP: 10/10
  3727 | D:3      | Found a radiant altar of Vehumet.
  3756 | D:3      | Found an iron altar of Okawaru.
  3760 | D:3      | Found a glowing golden altar of the Shining One.
  3761 | D:3      | Found a bloodstained altar of Trog.
  4064 | D:4      | Reached skill level 5 in Unarmed Combat
  4627 | D:4      | Found a staircase to the Ecumenical Temple.
  4755 | D:5      | Entered Level 5 of the Dungeon
  4755 | D:5      | Noticed a water moccasin
  4778 | D:5      | Killed a water moccasin
  4779 | D:5      | Reached XP level 7. HP: 18/36 MP: 10/11
  5024 | Temple   | Entered the Ecumenical Temple
  5183 | Temple   | Became a worshipper of Makhleb the Destroyer
  5285 | D:5      | Got a fine brass amulet
  5312 | D:5      | Identified the amulet of Juvy {Reflect rC+ SH+5} (You found
                  | it on level 5 of the Dungeon)
  5542 | D:5      | Found Kayr's General Store.
  5620 | D:5      | Found a basalt altar of Yredelemnul.
  5627 | D:5      | Found a blossoming altar of Fedhas.
  5888 | D:5      | Reached skill level 6 in Unarmed Combat
  5893 | D:5      | Reached skill level 1 in Shields
  5893 | D:5      | Reached skill level 1 in Invocations
  5989 | D:6      | Gained mutation: You have razor-sharp teeth. [Vine Stalker
                  | growth]
  5989 | D:6      | Reached XP level 8. HP: 42/42 MP: 12/12
  6115 | D:6      | Reached skill level 7 in Unarmed Combat
  6487 | D:7      | Found a broken altar of Ashenzari.
  6507 | D:7      | Reached * piety under Makhleb
  6548 | D:7      | Found a flagged portal.
  6555 | D:7      | Got a masterwork hand axe
  6559 | Bailey   | Entered a bailey
  6651 | Bailey   | Noticed an orc knight
  6805 | Bailey   | Killed an orc knight
  6805 | Bailey   | Reached ** piety under Makhleb
  6806 | Bailey   | Reached skill level 5 in Fighting
  6806 | Bailey   | Reached skill level 8 in Unarmed Combat
  6806 | Bailey   | Reached XP level 9. HP: 14/47 MP: 5/13
  6981 | D:7      | Identified a scroll of acquirement
  6981 | D:7      | Acquired 561 gold pieces
  7583 | D:8      | Found a staircase to the Lair.
  7658 | D:8      | Found a sparkling altar of Nemelex Xobeh.
  7749 | D:8      | Reached skill level 9 in Unarmed Combat
  7922 | D:8      | Noticed a tengu warrior
  7988 | D:8      | HP: 2/48 [tengu warrior/+3 dire flail (11)]
  8113 | D:7      | Reached skill level 5 in Invocations
  8244 | D:8      | Reached XP level 10. HP: 53/53 MP: 14/14
  8586 | D:8      | Got a bronze scale mail
  8597 | D:8      | Identified the +6 scale mail of the Equator {Regen+} (You
                  | found it on level 8 of the Dungeon)
  8666 | D:8      | Noticed a cyclops
  8667 | D:8      | Noticed a centaur warrior
  8679 | D:8      | Killed a cyclops
  8680 | D:8      | Reached skill level 1 in Armour
  8686 | D:8      | Killed a centaur warrior
  8687 | D:8      | Reached skill level 10 in Unarmed Combat
  8754 | D:8      | Killed a tengu warrior
  8906 | D:9      | Found a glowing silver altar of Zin.
  8917 | D:9      | Reached *** piety under Makhleb
  9067 | D:9      | Found a runed translucent door.
  9067 | D:9      | Noticed a deep elf knight
  9067 | D:9      | Noticed wineyard's ghost (novice BaHu)
  9132 | D:9      | Found an opulent altar of Gozag.
  9250 | D:9      | Noticed an ice dragon
  9291 | D:9      | Killed an ice dragon
  9467 | D:9      | Got a brightly glowing lapis lazuli ring
  9816 | D:9      | Reached XP level 11. HP: 58/58 MP: 16/16
 10070 | D:10     | Entered Level 10 of the Dungeon
 10137 | D:10     | Found Cifuw's Jewellery Shop.
 10141 | D:10     | Bought the ring "Jopiopp" {rElec Slay+3 SInv} for 582 gold
                  | pieces
 10174 | D:10     | Reached skill level 11 in Unarmed Combat
 10354 | D:10     | Found a burning altar of Makhleb.
 10506 | D:10     | Identified the +1 robe of the Everdark {Str+4}
 10527 | D:10     | Reached **** piety under Makhleb
 10820 | Lair:1   | Entered Level 1 of the Lair of Beasts
 11154 | D:10     | Noticed Grum
 11167 | D:10     | Killed Grum
 11275 | D:11     | Noticed Fannar
 11280 | D:10     | Identified the ring of Yzoidoxo {rElec rC+ Int+2 Dex-5}
                  | (You found it on level 9 of the Dungeon)
 11343 | D:11     | Killed Fannar
 11673 | D:11     | Noticed a sixfirhy
 11677 | D:11     | Noticed a soul eater
 11852 | D:11     | Noticed a two-headed ogre
 11862 | D:11     | Reached ***** piety under Makhleb
 11867 | D:11     | Killed a two-headed ogre
 11886 | D:11     | Noticed a tengu reaver
 11886 | D:11     | Noticed a manticore
 11887 | D:11     | Noticed a storm dragon
 11888 | D:11     | Found a transporter.
 11888 | D:11     | Noticed an obsidian statue
 11889 | D:11     | Found a transporter.
 11970 | D:11     | Gained mutation: You heal very quickly. [Vine Stalker
                  | growth]
 11970 | D:11     | Reached XP level 12. HP: 64/64 MP: 18/18
 12263 | D:11     | Reached skill level 12 in Unarmed Combat
 12559 | D:12     | Reached skill level 5 in Shields
 12564 | D:12     | Got a warped rapier
 12619 | D:12     | Found a staircase to the Orcish Mines.
 12791 | D:12     | Noticed Psyche
 12797 | D:12     | Paralysed by Psyche for 2 turns
 12800 | D:12     | Killed Psyche
 12893 | D:12     | Noticed an eight-headed hydra
 13019 | D:12     | Killed an eight-headed hydra
 13020 | D:12     | Reached skill level 5 in Dodging
 13028 | D:12     | Got a crystal whip
 13260 | Lair:1   | Noticed a seven-headed hydra
 13266 | Lair:1   | Killed a seven-headed hydra
 13420 | Lair:1   | Noticed a five-headed hydra
 13427 | Lair:1   | Killed a five-headed hydra
 14250 | Lair:2   | Found a dark tunnel.
 14275 | Volcano  | Entered a volcano
 14299 | Volcano  | Reached skill level 5 in Armour
 14481 | Volcano  | Found a bloodstained altar of Trog.
 14539 | Volcano  | Reached XP level 13. HP: 48/69 MP: 11/20
 14609 | Volcano  | Reached skill level 13 in Unarmed Combat
 14945 | Lair:2   | Found a hole to the Spider Nest.
 16378 | Lair:4   | Found a staircase to the Swamp.
 16983 | Lair:4   | Noticed a dire elephant
 16997 | Lair:4   | Killed a dire elephant
 17003 | Lair:4   | Reached ****** piety under Makhleb
 17012 | Lair:4   | Reached XP level 14. HP: 75/75 MP: 22/22
 17134 | Lair:4   | Reached skill level 14 in Unarmed Combat
 17663 | Lair:5   | Paralysed by a hornet for 3 turns
 18148 | Lair:5   | Noticed Kirke
 18166 | Lair:5   | Killed Kirke
 18477 | Lair:6   | Entered Level 6 of the Lair of Beasts
 18601 | Lair:5   | Reached skill level 10 in Invocations
 18865 | Lair:6   | Reached skill level 10 in Fighting
 19311 | Lair:6   | Reached XP level 15. HP: 80/80 MP: 23/23
 19438 | Lair:6   | Reached skill level 15 in Unarmed Combat
 19729 | Lair:6   | Found a staircase to the Slime Pits.
 20344 | Orc:1    | Entered Level 1 of the Orcish Mines
 20390 | Orc:2    | Entered Level 2 of the Orcish Mines
 20764 | Orc:1    | Found Ixzissu's Weapon Shoppe.
 21137 | Orc:2    | Found a staircase to the Elven Halls.
 21198 | Orc:1    | Noticed an orc warlord
 21244 | Orc:1    | Killed an orc warlord
 21399 | Orc:2    | HP: 4/81 [orc priest/divine providence (6)]
 22471 | Orc:2    | Found Orados's Antique Weapon Shoppe.
 22472 | Orc:2    | Found Uluplalorgh's Weapon Emporium.
 22472 | Orc:2    | Found Lefoucka's Jewellery Shoppe.
 22473 | Orc:2    | Found Ilestruto's Weapon Shoppe.
 23001 | D:13     | Noticed Frances
 23027 | D:12     | Gained mutation: You are covered in fur. (AC +1) [a
                  | neqoxec]
 23033 | D:12     | Gained mutation: Scrolls take you a little longer to read.
                  | [a neqoxec]
 23034 | D:12     | Killed Frances
 23068 | D:12     | Lost mutation: Scrolls take you a little longer to read.
                  | [potion of mutation]
 23068 | D:12     | Lost mutation: You are covered in fur. (AC +1) [potion of
                  | mutation]
 23068 | D:12     | Gained mutation: You are frail. (-10% HP) [potion of
                  | mutation]
 23068 | D:12     | Gained mutation: Your body sometimes deteriorates upon
                  | taking damage. [potion of mutation]
 23068 | D:12     | Gained mutation: Your mind is acute. (Int +2) [potion of
                  | mutation]
 23068 | D:12     | Gained mutation: You are partially covered in slimy green
                  | scales. (AC +2) [potion of mutation]
 23069 | D:12     | Lost mutation: Your mind is acute. (Int +2) [potion of
                  | mutation]
 23069 | D:12     | Lost mutation: You are frail. (-10% HP) [potion of
                  | mutation]
 23069 | D:12     | Gained mutation: You are strong-willed. (Will+) [potion of
                  | mutation]
 23070 | D:12     | Lost mutation: You are partially covered in slimy green
                  | scales. (AC +2) [potion of mutation]
 23070 | D:12     | Lost mutation: You are strong-willed. (Will+) [potion of
                  | mutation]
 23070 | D:12     | Gained mutation: You are partially covered in rugged brown
                  | scales. (AC +1, +3% HP) [potion of mutation]
 23071 | D:12     | Lost mutation: Your body sometimes deteriorates upon taking
                  | damage. [potion of mutation]
 23071 | D:12     | Gained mutation: You occasionally shout uncontrollably at
                  | your foes. [potion of mutation]
 23071 | D:12     | Gained mutation: You are weak. (Str -2) [potion of
                  | mutation]
 23071 | D:12     | Gained mutation: Your flesh is cold resistant. (rC+)
                  | [potion of mutation]
 23072 | D:12     | Lost mutation: You are weak. (Str -2) [potion of mutation]
 23072 | D:12     | Lost mutation: Your flesh is cold resistant. (rC+) [potion
                  | of mutation]
 23072 | D:12     | Lost mutation: You occasionally shout uncontrollably at
                  | your foes. [potion of mutation]
 23072 | D:12     | Lost mutation: You are partially covered in rugged brown
                  | scales. (AC +1, +3% HP) [potion of mutation]
 23072 | D:12     | Gained mutation: Your muscles are strong. (Str +2) [potion
                  | of mutation]
 23072 | D:12     | Gained mutation: You occasionally shout uncontrollably at
                  | your foes. [potion of mutation]
 23072 | D:12     | Gained mutation: You passively map a small area around you.
                  | [potion of mutation]
 23394 | D:14     | Reached XP level 16. HP: 78/86 MP: 22/25
 23662 | D:14     | Found a gate to the Vaults.
 23789 | D:14     | Found a gate leading to a gauntlet.
 23803 | Gauntlet | Entered a Gauntlet
 23803 | Gauntlet | Found a transporter.
 23803 | Gauntlet | Found a transporter.
 23807 | Gauntlet | Found a transporter.
 23808 | Gauntlet | Found a transporter.
 23809 | Gauntlet | Found a large runed translucent door.
 23810 | Gauntlet | Found a large runed translucent door.
 23811 | Gauntlet | Found a large runed translucent door.
 23811 | Gauntlet | Found a large runed translucent door.
 23811 | Gauntlet | Found a runed translucent door.
 23812 | Gauntlet | Found a large runed translucent door.
 23813 | Gauntlet | Found a large runed translucent door.
 23814 | Gauntlet | Found a large runed translucent door.
 23814 | Gauntlet | Found a large runed translucent door.
 23815 | Gauntlet | Found a runed translucent gate.
 23817 | Gauntlet | Found a transporter.
 23827 | Gauntlet | Found a transporter.
 23827 | Gauntlet | Found a transporter.
 23830 | Gauntlet | Found a transporter.
 23867 | Gauntlet | Found a transporter.
 23869 | Gauntlet | Found a runed translucent gate.
 23869 | Gauntlet | Found a runed translucent gate.
 23871 | Gauntlet | Found a large runed translucent door.
 23872 | Gauntlet | Found a large runed translucent door.
 23874 | Gauntlet | Found a transporter.
 23881 | Gauntlet | Found a large runed translucent door.
 23882 | Gauntlet | Found a large runed translucent door.
 23885 | Gauntlet | Found a runed translucent door.
 23896 | Gauntlet | Found a large runed translucent door.
 23896 | Gauntlet | Found a large runed translucent door.
 23897 | Gauntlet | Found a large runed translucent door.
 23898 | Gauntlet | Found a large runed translucent door.
 23898 | Gauntlet | Found a transporter.
 23910 | Gauntlet | Found a transporter.
 23953 | Gauntlet | Found a transporter.
 23975 | Gauntlet | Found a transporter.
 24071 | Gauntlet | Found a transporter.
 24085 | Gauntlet | Found a transporter.
 24182 | Gauntlet | Reached skill level 16 in Unarmed Combat
 24247 | Gauntlet | Got a pair of distressingly furry gloves
 24252 | Gauntlet | Identified the +1 pair of gloves of the Exiled Stories {rC+
                  | Slay+2} (You found it in a Gauntlet)
 24756 | D:14     | Found Degikemo's General Store.
 25055 | D:15     | Entered Level 15 of the Dungeon
 25402 | D:15     | Found a staircase to the Depths.
 26210 | Swamp:1  | Entered Level 1 of the Swamp
 26440 | Swamp:1  | Noticed a fenstrider witch
 26453 | Swamp:1  | Killed a fenstrider witch
 26494 | Swamp:1  | Reached XP level 17. HP: 91/91 MP: 26/26
 27138 | Swamp:2  | Reached skill level 10 in Shields
 27231 | Swamp:2  | Noticed Jorgrun
 27244 | Swamp:2  | Killed Jorgrun
 27702 | Swamp:3  | HP: 4/93 [bunyip (15)]
 27726 | Swamp:3  | HP: 1/93 [will-o-the-wisp/foxfire (6)]
 27729 | Swamp:3  | Killed from afar by a will-o-the-wisp

Illustrated notes

Levels and vault maps discovered:
D:1:      matt_arrival_debris, layout_loops_corners
D:2:      layout_loops_cross, lemuel_coloured_pillars_altar,
          nzn_hepliaklqana_mist_gate
D:3:      layout_loops_ring, nicolae_ru_sacrificial_ziggurat, minitemple,
          amcnicky_altar_gilded, uniq_jessica
D:4:      layout_loops_ring, minmay_temple_entry_from_below_a
D:5:      layout_loops_ring, amethyst_overflow_temple_binary, serial_shops,
          kennysheep_mini
D:6:      layout_rooms
D:7:      layout_loops_ring, ashenzari_conservatory_becter, enter_bailey_2
D:8:      minmay_tri_box, layout_basic, nemelex_xobeh_ov_fountains_minmay,
          lair_entry_dummy, serial_co_window_serial, co_window_paths_b,
          co_window_paths_a, co_window_of_opportunity_a, co_window_paths_a,
          co_window_of_opportunity_a, co_window_paths_c,
          co_window_of_opportunity_b, co_window_2corner, co_window_cross_3,
          co_window_2corner, glass_columns_a, glass_columns_a, glass_columns_a
D:9:      dragon1_lemuel, layout_loops_corners,
          nicolae_gozag_cash_rules_everything_around_me,
          ebering_ghost_inner_flame, basic_altar, glass_columns_b
D:10:     layout_cross, serial_gnoll_camp, gnoll_camp_mini_shop,
          gnoll_camp_mini_loothouse, gnoll_camp_huts_moat, grums_kennel,
          bloody_makhleb
D:11:     gammafunk_sealed_arena, layout_basic, uniq_grum, uniq_fannar
D:12:     layout_roguey, orc_0_dummy, uniq_psyche
D:13:     layout_roguey, uniq_frances
D:14:     layout_roguey, lightli_vaults_fourway_checkpoint,
          gauntlet_entry_generic, roderic_lattice_a, special_room
          [special_room_mythical_zoo], serial_shops,
          nicolae_shop_window_shopping
D:15:     grunt_enter_depths_magical_seal, layout_irregular_city, pf_eden
Temple:   dpeg_chambers_temple
Lair:1:   layout_regular_city
Lair:2:   kb_forest_paths, layout_regular_city,
          nicolae_spider_entry_orb_guardian, nicolae_volcano_entry_s_turn
Lair:3:   layout_chaotic_city, serial_bayou_crossing
Lair:4:   nzn_winding_woodlands_huge [nzn_winding_woodlands_5x15_default,
          nzn_winding_woodlands_5x15_pathside_ponds,
          nzn_winding_woodlands_5x15_crooked,
          nzn_winding_woodlands_5x15_split_checker,
          nzn_winding_woodlands_5x15_eye, nzn_winding_woodlands_5x15_sawtooth,
          nzn_winding_woodlands_5x15_river_crossing,
          nzn_winding_woodlands_5x15_longhouse,
          nzn_winding_woodlands_5x15_concentric,
          nzn_winding_woodlands_5x15_parted,
          nzn_winding_woodlands_center_pierced_h,
          nzn_winding_woodlands_center_lodge,
          nzn_winding_woodlands_15x15_killbox], layout_loops_ring, swamp_mist
Lair:5:   layout_gridlike, grunt_forest_small_clearing_treed, uniq_kirke
Lair:6:   evilmike_catoblepas_cave, layout_cellular_growth,
          minmay_slime_entry_oklob_enclosed, pond, grunt_megastairs_4,
          lemuel_fruit_fields
Swamp:1:  layout_basic_swamp, nicolae_swamp_very_dense_foliage,
          infiniplex_staircase_pool
Swamp:2:  layout_basic_swamp, evilmike_swamp_ruin_wall, uniq_jorgrun
Swamp:3:  layout_falls_marsh, evilmike_swamp_ruin_house_1,
          amcnicky_altar_lugonu_corruption
Orc:1:    layout_diamond_mine, serial_shops, shop_fountains
Orc:2:    st_orc_pillars, layout_caves, nicolae_orc_flooded_monolith

Skill      XL: |  1  2  3  4  5  6  7  8  9 10 11 12 13 14 15 16 17 |
---------------+----------------------------------------------------+-----
Unarmed Combat | 1 2 3 4 5 6 8 9 10 11 12 13 14 15 16 | 16.9
Fighting       | 1 2 3 4 5 6 7 8 9 10 11 | 11.7
Shields        | 1 3 4 5 7 8 9 10 | 10.1
Invocations    | 1 4 5 6 7 8 9 10 11 12 | 12.0
Armour         | 2 4 5 6 7 8 9 |  9.2
Dodging        | 3 4 5 6 7 8 9 |  9.3
Short Blades   | |  0.8
Stealth        | |  3.6
Spellcasting   | |  2.1
Hexes          | |  3.0

Action                   |  1- 3 |  4- 6 |  7- 9 | 10-12 | 13-15 | 16-18 || total
-------------------------+-------+-------+-------+-------+-------+-------++-------
Melee: Dagger            |    72 |       |       |       |       |       ||    72
       Bite              |    18 |    64 |   135 |   283 |   555 |   264 ||  1319
       Punch             |     2 |     4 |       |       |       |       ||     6
       Unarmed           |    29 |   262 |   516 |   864 |  1549 |   679 ||  3899
Invok: Lesser Servant of |       |       |       |     6 |    23 |     3 ||    32
       Minor Destruction |       |       |       |    17 |       |       ||    17
       Greater Servant o |       |       |       |       |       |     3 ||     3
Evoke: Wand              |       |       |     3 |     4 |     3 |       ||    10
       Tin of tremorston |       |       |       |     2 |       |       ||     2
  Use: Scroll            |       |       |    24 |     7 |       |     5 ||    36
       Potion            |       |       |       |     3 |    11 |     4 ||    18
 Stab: Sleeping          |     5 |     3 |     1 |       |     1 |       ||    10
       Held in net/web   |       |       |       |     1 |       |       ||     1
       Distracted        |       |       |       |     1 |     7 |     2 ||    10
       Petrified         |       |       |       |       |     9 |       ||     9
       Invisible         |       |       |       |       |     4 |       ||     4
Armor: Robe              |    10 |       |       |       |       |       ||    10
       Ring mail         |    18 |    77 |     6 |       |       |       ||   101
       Scale mail        |       |       |   125 |   314 |   629 |   235 ||  1303
Dodge: Dodged            |    63 |   119 |   217 |   294 |   538 |   254 ||  1485
Block: Buckler           |       |       |   294 |   267 |       |       ||   561
       Reflection        |       |       |    15 |    65 |    12 |    30 ||   122
       Tower shield      |       |       |       |   541 |  2000 |   844 ||  3385

Table legend: (Time is in decaauts)
 A = Elapsed time spent in this place.
 B = Non-inter-level travel time spent in this place.
 C = Inter-level travel time spent in this place.
 D = Time resting spent in this place.
 E = Time spent auto-exploring this place.
 F = Levels seen in this place.
 G = Mean time per level.
                   A        B        C        D        E       F      G
               +--------+--------+--------+--------+--------+-----+--------+
         Total |  27951 |  26139 |   1812 |   1270 |  17437 |  30 |  931.7 |
       Dungeon |  15514 |  14288 |   1226 |    782 |   9747 |  15 | 1034.3 |
        Temple |    206 |    160 |     46 |      0 |    149 |   1 |  206.0 |
          Lair |   6904 |   6468 |    436 |     29 |   4799 |   6 | 1150.7 |
         Swamp |   1549 |   1511 |     38 |      0 |   1045 |   3 |  516.3 |
  Orcish Mines |   2272 |   2207 |     65 |    459 |    820 |   2 | 1136.0 |
        Bailey |    410 |    410 |      0 |      0 |    220 |   1 |  410.0 |
       Volcano |    402 |    402 |      0 |      0 |    196 |   1 |  402.0 |
      Gauntlet |    690 |    690 |      0 |      0 |    460 |   1 |  690.0 |
               +--------+--------+--------+--------+--------+-----+--------+

Top non-repeatable levels by time:
   Orc:1: 1579 daAuts
     D:2: 1559 daAuts
  Lair:6: 1529 daAuts
  Lair:4: 1473 daAuts
     D:9: 1469 daAuts
     D:1: 1418 daAuts
     D:8: 1286 daAuts
    D:11: 1254 daAuts
  Lair:2: 1131 daAuts
  Lair:5: 1047 daAuts
    D:14: 991 daAuts
     D:5: 948 daAuts
    D:15: 928 daAuts
     D:3: 919 daAuts
    D:10: 915 daAuts
